Map: Lerilak Crest

Players

Grumm - Winner!

  • Race: Terran Terran
  • League: Gold

Zyrkal

  • Race: Zerg Zerg
  • League: Silver

VOD

Have the link to the VOD?

Description

Time

  • Played on: Feb. 9, 2016, 6:03 p.m.
  • Length: 11:10
Show
View Real Time Build Order
Export as new Build Order

Grumm Terran - Winner!

Build Orders:  

Get SALT Encoding   

  12  0:02  SCV  
  13  0:17  SCV  
  14  0:31  Supply Depot, SCV  
  15  0:37  Refinery  
  15  0:52  SCV  
  16  0:57  Barracks  
  16  0:59  Barracks  
  16  1:04  SCV  
  17  1:17  SCV  
  18  1:33  Refinery  
  18  1:35  Supply Depot  
  18  1:37  SCV  
  19  1:46  Reaper  
  20  1:47  Reaper  
  21  2:09  Orbital Command  
  21  2:18  Marine  
  21  2:19  Marine  
  23  2:36  Marine  
  23  2:37  Marine  
  23  3:26  Marine x2  
  22  3:40  Command Center  
  20  3:44  Marine  
  20  3:45  Marine  
  22  3:49  Bunker, SCV  
  23  3:56  Factory  
  23  3:57  Factory  
  23  4:01  Marine  
  24  4:05  Marine  
  25  4:30  Supply Depot  
  25  4:39  SCV  
  25  4:40  Widow Mine  
  25  4:42  Widow Mine  
  30  4:46  Supply Depot  
  30  4:48  Barracks Tech Lab  
  30  4:55  Refinery  
  30  4:57  Supply Depot  
  30  5:03  SCV  
  30  5:04  SCV  
  32  5:16  SCV  
  33  5:33  Supply Depot  
  31  5:49  SCV  
  31  5:54  Marauder  
  31  5:55  Marine  
  32  6:03  Widow Mine  
  36  6:06  Hellion  
  36  6:09  Starport  
  36  6:13  Marine, SCV  
  38  6:25  SCV  
  39  6:28  Hellion  
  39  6:31  Widow Mine  
  31  7:20  Liberator  
  31  7:32  Widow Mine x2  
  31  7:34  Starport Tech Lab  
  35  7:41  Starport  
  38  7:45  Fusion Core  
  38  7:48  Starport  
  38  7:51  Starport  
  38  7:57  Engineering Bay, SCV x2  
  40  8:00  Widow Mine  
  40  8:01  Widow Mine  
  44  8:14  Liberator x4  
  54  9:24  Planetary Fortress  
  54  9:28  Missile Turret  
  54  9:29  Marine  
  55  9:47  Marine  
  53  10:03  Viking x2  
  53  10:04  Viking x2  
  53  10:05  Marine  
  62  10:14  Refinery  
  62  10:15  SCV  
  63  10:23  Marine  
  64  10:33  Viking  
  64  10:40  Marine  
Show
View Real Time Build Order
Export as new Build Order

Zyrkal Zerg 

Build Orders: Pool First 

Get SALT Encoding   

  12  0:01  Drone  
  13  0:08  Drone  
  14  0:16  Overlord  
  14  0:22  Extractor  
  14  0:23  Drone  
  14  0:34  Overlord  
  14  0:44  Drone  
  14  0:49  Drone  
  16  0:59  Spawning Pool  
  15  1:09  Drone x2  
  17  1:17  Evolution Chamber  
  16  1:25  Drone  
  17  1:34  Drone  
  18  1:40  Overlord, Extractor  
  17  1:50  Queen  
  19  2:19  Zerg Melee Weapons Level 1  
  19  2:21  Metabolic Boost  
  19  2:24  Zergling x4  
  19  2:25  Zergling x2  
  21  2:52  Zergling x4  
  23  3:04  Zergling x2  
  23  3:05  Zergling x6  
  26  3:15  Zergling x2  
  26  3:30  Zergling x2  
  26  3:48  Zergling x8  
  30  3:50  Hatchery  
  29  4:01  Zergling x2  
  30  4:08  Baneling Nest  
  29  4:14  Zerg Ground Armor Level 1  
  29  4:27  Roach Warren  
  28  4:35  Lair  
  28  4:40  Zergling x8  
  32  4:52  Baneling x5  
  32  4:58  Drone x2  
  34  5:15  Zergling x4  
  34  5:16  Zergling x4  
  38  5:31  Zergling x6  
  28  5:52  Zergling x4  
  28  5:53  Zergling x6  
  33  6:00  Baneling x2  
  33  6:03  Baneling x2  
  33  6:05  Zergling x4  
  23  6:50  Zergling x12  
  29  7:08  Zergling x4  
  31  7:18  Glial Reconstitution  
  20  7:34  Zergling x4  
  20  7:35  Zergling x6  
  25  7:39  Zergling x2  
  26  7:44  Roach x2  
  26  7:46  Queen  
  32  7:58  Drone x2  
  32  7:59  Drone  
  34  8:31  Drone x3  
  34  8:32  Drone x2, Roach  
  34  8:33  Roach  
  43  8:36  Tunneling Claws  
  43  8:41  Burrow  
  43  8:50  Zerg Missile Weapons Level 1  
  43  8:52  Drone  
  43  8:54  Overlord  
  44  8:57  Overlord  
  44  9:10  Overlord x2  
  41  9:25  Spore Crawler  
  41  9:28  Spore Crawler  
Tags
 
Add a new tag
Caveats
  • Supply blocks, unpowered buildings, or Contaminate may cause inaccurate times.
  • Supply counts are checked every 10 seconds.